Map: Orbital Shipyard

Players

Lilbow

  • Race: Protoss Protoss

uThermal - Winner!

  • Race: Terran Terran
  • League: Grandmaster

Event: Homestory Cup XII

VOD

Have the link to the VOD?

Description

Time

  • Played on: Dec. 18, 2015, 12:09 p.m.
  • Length: 5:29

All games in this series

Show
View Real Time Build Order
Export as new Build Order

Lilbow Protoss 

Build Orders: 1 Gate Expand 

Get SALT Encoding   

  12  0:01  Probe (Chrono Boost)  
  13  0:11  Probe (Chrono Boost)  
  14  0:17  Pylon  
  14  0:22  Probe (Chrono Boost)  
  15  0:35  Probe (Chrono Boost)  
  16  0:36  Gateway  
  16  0:42  Assimilator  
  16  0:46  Probe (Chrono Boost)  
  17  0:56  Probe (Chrono Boost)  
  18  1:07  Probe (Chrono Boost)  
  19  1:18  Nexus  
  19  1:27  Cybernetics Core  
  19  1:32  Assimilator  
  19  1:35  Probe (Chrono Boost)  
  20  1:41  Pylon  
  20  1:45  Probe (Chrono Boost)  
  21  1:56  Probe (Chrono Boost)  
  22  2:03  Adept  
  22  2:07  Mothership Core (Chrono Boost)  
  26  2:15  Warp Gate  
  26  2:25  Probe (Chrono Boost)  
  27  2:30  Probe (Chrono Boost)  
  27  2:35  Probe (Chrono Boost)  
  29  2:37  Robotics Facility  
  29  2:41  Probe (Chrono Boost)  
  30  2:46  Probe (Chrono Boost)  
  31  2:51  Probe (Chrono Boost)  
  31  2:56  Probe (Chrono Boost)  
  33  3:02  Probe (Chrono Boost)  
  34  3:06  Stalker  
  34  3:07  Gateway, Probe (Chrono Boost)  
  38  3:12  Probe (Chrono Boost)  
  38  3:17  Probe (Chrono Boost)  
  39  3:23  Probe (Chrono Boost)  
  39  3:24  Warp Prism  
  42  3:27  Robotics Bay  
  42  3:28  Probe (Chrono Boost)  
  42  3:33  Probe (Chrono Boost)  
  44  3:38  Probe (Chrono Boost), Pylon  
  45  3:42  Assimilator  
  45  3:44  Probe (Chrono Boost)  
  32  3:48  Pylon  
  32  3:59  Probe x2 (Chrono Boost)  
  32  4:00  Observer  
  35  4:09  Probe x2 (Chrono Boost)  
  35  4:20  Probe x2 (Chrono Boost)  
  36  4:26  Stalker  
  36  4:30  Stalker, Probe x2 (Chrono Boost)  
  42  4:41  Probe x2 (Chrono Boost)  
  43  4:48  Pylon  
  43  4:50  Stalker  
  45  4:56  Probe x2 (Chrono Boost)  
  39  5:19  Zealot x2  
Show
View Real Time Build Order
Export as new Build Order

uThermal Terran - Winner!

Build Orders: 1/1/1, Liberator Opening 

Get SALT Encoding   

  12  0:01  SCV  
  13  0:13  SCV  
  14  0:18  Supply Depot  
  14  0:25  SCV  
  14  0:27  Refinery  
  15  0:39  SCV  
  16  0:45  Barracks  
  16  0:51  SCV  
  17  1:04  SCV  
  18  1:16  SCV  
  18  1:17  Refinery  
  19  1:32  Factory, Orbital Command  
  19  1:34  Marine  
  20  1:45  Supply Depot  
  20  1:52  Barracks Reactor  
  20  1:57  SCV  
  21  2:10  SCV  
  21  2:15  Widow Mine  
  22  2:17  Starport  
  25  2:27  Supply Depot  
  25  2:29  Marine x2  
  26  2:34  SCV  
  27  2:49  Widow Mine  
  27  2:50  Marine x2  
  32  2:54  Medivac  
  32  2:58  Supply Depot  
  33  3:01  SCV  
  34  3:06  Liberator  
  34  3:10  Marine  
  34  3:11  Marine  
  35  3:15  SCV  
  35  3:18  Factory Tech Lab  
  39  3:28  Marine x2  
  42  3:36  Supply Depot  
  42  3:41  Siege Tank  
  44  3:46  Marine  
  45  3:51  Liberator  
  45  3:54  Barracks  
  45  3:56  Marine  
  47  4:06  Supply Depot  
  49  4:24  Marine x2  
  49  4:34  SCV, Supply Depot  
  49  4:36  Siege Tank  
  51  4:41  Marine  
  52  4:46  SCV  
  53  4:54  Marine x2  
  53  4:59  Supply Depot, Marine  
Tags
 
Add a new tag
Caveats
  • Supply blocks, unpowered buildings, or Contaminate may cause inaccurate times.
  • Supply counts are checked every 10 seconds.